cohdb
Replays
Latest Replays
All Replays
Popular Replays
Top Player Replays
Match Explorer
How It Works
Community
CoH3 Stats
Reddit
Sign in to upload your games and track your stats! →
Sign in with Steam
Match 42513456
Unlisted
Match 42513456
Overview
Messages
Build Orders
End
Pioneer Squad
Selects Terror Battlegroup
Selects Machine Gun Camouflage
Construct Infanterie Kompanie
MG 42 Machine Gun Team
MG 42 Machine Gun Team
Grenadier Squad
Construct Luftwaffe Kompanie
Jäger Squad
Support Elements
Wirbelwind Flakpanzer
Saueee
JaxMesa
0
0
Comments
sign in to comment!
No comments posted yet!